 Dungeon Crawl Stone Soup version 0.23.2-1-ga50397a6bc (webtiles) character file.

Game seed: 1977921561914320925

21 Mrkan the Sneak (level 2, -1/14 HPs)
             Began as a Spriggan Assassin on May 18, 2019.
             Slain by a worm (7 damage)
             ... on level 2 of the Dungeon.
             The game lasted 00:03:34 (1417 turns).

Mrkan the Sneak (Spriggan Assassin)                 Turns: 1417, Time: 00:03:35

Health: -1/14      AC:  3    Str:  7    XL:     2   Next: 65%
Magic:  3/3        EV: 18    Int: 12    God:
Gold:   110        SH:  0    Dex: 17    Spells: 1/1 levels left

rFire    . . .     SeeInvis +   a - +2 dagger
rCold    . . .     Gourm    .   (shield restricted)
rNeg     . . .     Faith    .   c - +0 robe
rPois    .         Spirit   .   (helmet restricted)
rElec    .         Reflect  .   d - +0 cloak
rCorr    .         Harm     .   (gloves unavailable)
MR       .....                  (boots unavailable)
Stlth    ++++......             (no amulet)
HPRegen  0.04/turn              (no ring)
MPRegen  0.08/turn              (no ring)

@: very quick
A: very small, unfitting armour, see invisible, herbivore, speed 3, slow
metabolism 2
a: no special abilities


You were on level 2 of the Dungeon.
You were not hungry.

You visited 1 branch of the dungeon, and saw 2 of its levels.

You collected 110 gold pieces.

Inventory:

Hand Weapons
 a - a +2 dagger (weapon)
 b - a +0 blowgun
Missiles
 e - 24 poisoned needles
 f - 2 curare-tipped needles
Armour
 c - a +0 robe (worn)
 d - a +0 cloak (worn)
 j - a scarf of repulsion
 n - a scarf of resistance
Scrolls
 h - 4 scrolls of identify {unknown}
 l - a scroll of fog {unknown}
 m - a scroll of blinking {unknown}
 o - a scroll of noise {unknown}
 s - a scroll of amnesia {unknown}
Potions
 i - a potion of lignification {unknown}
 k - 2 potions of curing {unknown}
 p - a potion of degeneration {unknown}
 q - a potion of agility {unknown}
 r - a potion of cancellation {unknown}
Comestibles
 g - a ration


   Skills:
 - Level 1.5 Fighting
 - Level 2.1 Short Blades
 - Level 2.0 Throwing
 + Level 2.5 Dodging
 * Level 6.8 Stealth


You had one spell level left.
You didn't know any spells.
Your spell library was empty.

Dungeon Overview and Level Annotations

Branches:
Dungeon (2/15)

Altars:


Innate Abilities, Weirdness & Mutations

You are very small and have problems with some larger weapons.
You are too small for most types of armour.
You have supernaturally acute eyesight. (SInv)
You are a herbivore.
You cover ground extremely quickly.
You need to consume almost no food.


Message History

You hit the worm.
The worm is moderately wounded.
The worm misses you.
You completely miss the worm.
The worm is lightly wounded.
You completely miss the worm.
The worm is lightly wounded.
The worm misses you.
You completely miss the worm.
The worm is lightly wounded.
You hit the worm.
The worm is moderately wounded.
The worm misses you.
You hit the worm.
The worm is heavily wounded.
You hit the worm.
The worm is severely wounded.
The worm bites you!
Ouch! That really hurt!
You die...

...<.....#####.#......#.#
........######.##.###.#.#
.!..............).#.....#
....#...######.####...#.#
....#...######........#.#
....#####....#####....#.#
.............#........#.#
.............#.#.##.#.#.#
..............w@.....#.#
............#.#.##.#.#.#
..#.........#.#.##.#...#
..####......#.#.##.###.#
..####......#.#.##.....#
............#.#.#.##############
##....^.##.###.#................#
.#......##.###.###.#..####.######
...###.......#.# #....####.#


You could see a worm.

Vanquished Creatures
  4 bats
  A giant cockroach (D:2)
  3 goblins
  A hobgoblin (D:2)
  2 jackals (D:2)
  4 kobolds
  A frilled lizard (D:1)
  2 rats (D:2)
18 creatures vanquished.

Notes
Turn   | Place    | Note
-------+----------+-------------------------------------------
     0 | D:1      | Mrkan the Spriggan Assassin began the quest for the Orb.
     0 | D:1      | Reached XP level 1. HP: 10/10 MP: 2/2
    27 | D:1      | Reached skill level 6 in Stealth
   465 | D:1      | Reached XP level 2. HP: 14/14 MP: 3/3
  1296 | D:2      | Noticed a bullfrog
  1417 | D:2      | Slain by a worm

Skill      XL: |  1 |
---------------+----+-----
Stealth        | 6 |  6.8
Dodging        | 2 |  2.5
Fighting       | |  1.5
Short Blades   | |  2.1
Throwing       | |  2.0

Action                   || total
-------------------------++-------
Melee: Dagger            ||    59
 Stab: Sleeping          ||    10
Armor: Robe              ||    10
Dodge: Dodged            ||    48
